 Dungeon Crawl Stone Soup version 0.32-a0-747-gc8563f6773 (webtiles) character file.

Game seed: 12149262215866644297

45420 croobank the Thaumaturge (level 14, -5/83 HPs)
             Began as an Octopode Shapeshifter on Mar 17, 2024.
             Was an Initiate of Gozag.
             Slain by a dream sheep (17 damage)
             ... on level 4 of the Lair of Beasts.
             The game lasted 01:30:53 (23342 turns).

croobank the Thaumaturge (Octopode Shapeshifter)   Turns: 23342, Time: 01:30:54

Health: -5/83      AC: -2    Str: 22    XL:     14   Next: 33%
Magic:  36/36      EV:  2    Int: 17    God:    Gozag
Gold:   2611       SH:  0    Dex: 12    Spells: 23/32 levels left

rFire   + . .        z - +4 spear (venom)
rCold   + + .        f - +1 buckler
rNeg    + . .        (helmet currently unavailable)
rPois   +            k - amulet of magic regeneration
rElec   .            (no ring)
rCorr   .            p - ring of protection from fire
SInv    +            q - ring of wizardry
Will    +....        D - +4 ring of slaying
Stlth   +++++        F - ring of Wookli {rPois rC+ Int+4}
HPRegen 0.33/turn    L - ring "Foged" {rN+ MP+9 Str+3}
MPRegen 0.65/turn    Q - ring of protection from cold
                     T - ring of Ru's Approval {Fly Slay+3 SInv}

%: wizardry (x1)
@: beast-form, sleeping, marked, corroded, flying, hasted, invisible (expiring)
A: beast (slay +4), almost no armour, amphibious, 8 rings, camouflage 1,
gelatinous body 1, (nimble swimmer 1), tentacles, frail 1, shaggy fur 1, strong
1, wild magic 2
a: Begin Untransformation, Renounce Religion, Potion Petition, Call Merchant,
Bribe Branch


You were on level 4 of the Lair of Beasts.
You worshipped Gozag.
Gozag was most pleased with you.
You were a hulking beast.
You visited 3 branches of the dungeon, and saw 17 of its levels.

You collected 4044 gold pieces.
You spent 1313 gold pieces at shops.
You paid 120 gold pieces to Gozag.

Inventory:

Hand Weapons
 s - the +6 long sword "Death Rattle" {antimagic, Dex+5}
   (You found it on level 7 of the Dungeon)

   Dex+5:     It affects your dexterity (+5).
 x - the +0 dagger "Virosyit" {freeze, Will+ Dex+4}
   (You found it on level 12 of the Dungeon)

   Dex+4:     It affects your dexterity (+4).
   Will+:     It increases your willpower.
 z - a +4 spear of venom (weapon)
 A - a +2 dagger of protection
 C - a +2 hand axe of electrocution
 I - a +0 scimitar
 Y - a +1 eveningstar
Missiles
 g - 40 poisoned darts
 n - 2 silver javelins
 G - 5 boomerangs
 H - 2 throwing nets
 V - 4 javelins (quivered)
Armour
 f - a +1 buckler (worn)
 u - a +1 hat
 K - a +2 hat of willpower
Magical Staves
 l - a staff of air
 J - a staff of cold
Jewellery
 k - an amulet of magic regeneration (around mantle)
 p - a ring of protection from fire (right tentacle)
 q - a ring of wizardry (on tentacle)
 D - a +4 ring of slaying (on tentacle)
 F - the ring of Wookli (on tentacle) {rPois rC+ Int+4}
   (You acquired it on level 9 of the Dungeon)

   [ring of poison resistance]

   Int+4:     It affects your intelligence (+4).
   rC+:       It protects you from cold.
   rPois:     It protects you from poison.
 L - the ring "Foged" (on tentacle) {rN+ MP+9 Str+3}
   (You bought it in a shop on level 4 of the Dungeon)

   [ring of magical power]

   Str+3:     It affects your strength (+3).
   rN+:       It protects you from negative energy.
   MP+9:      It affects your magic capacity (+9).
 Q - a ring of protection from cold (on tentacle)
 T - the ring of Ru's Approval (on tentacle) {Fly Slay+3 SInv}
   (You bought it in a shop on level 4 of the Dungeon)

   [ring of see invisible]

   Slay+3:    It affects your accuracy & damage with ranged weapons and melee
   (+3).
   SInv:      It lets you see invisible.
   Fly:       It grants you flight.
 W - a ring of wizardry
Talismans
 b - a beast talisman (active)
 c - a flux talisman
 j - a blade talisman
 X - a granite talisman
Wands
 a - a wand of charming (19)
 e - a wand of polymorph (6)
 h - a wand of flame (60)
 m - a wand of mindburst (3)
 y - a wand of acid (4)
 E - a wand of iceblast (8)
Scrolls
 r - 2 scrolls of vulnerability
 v - 2 scrolls of poison
 P - 2 scrolls of immolation
Potions
 d - 3 potions of ambrosia
 i - 4 potions of curing
 o - 3 potions of lignification
 t - a potion of cancellation
 w - 3 potions of attraction
 B - a potion of might {unknown}
 M - 2 potions of mutation
 O - 4 potions of berserk rage
 S - a potion of heal wounds


   Skills:
 - Level 7.8 Fighting
 + Level 7.5 Maces & Flails
 - Level 7.6 Dodging
 - Level 8.7 Stealth
 - Level 7.0 Shields
 - Level 4.8 Unarmed Combat
 - Level 9.9 Spellcasting
 - Level 5.0 Conjurations
 - Level 1.1 Hexes
 - Level 6.2 Ice Magic
 - Level 5.0 Air Magic
 - Level 5.0 Alchemy
 - Level 6.7 Evocations
 - Level 8.6 Shapeshifting


You had 23 spell levels left.
You knew the following spells:

 Your Spells              Type           Power      Damage    Failure   Level
a - Mephitic Cloud        Conj/Alch/Air  40%        N/A       4%          3
b - Frozen Ramparts       Ice            94%        1d15      2%          3
c - Ozocubu's Armour      Ice            47%        N/A       2%          3

Your spell library contained the following spells:

 Spells                   Type           Power      Damage    Failure   Level
 Dazzling Flash           Conj/Hex       60%        N/A       8%          3
 Inner Flame              Hex/Fire       16%        N/A       17%         3
 Flame Wave               Conj/Fire      27%        2d9       26%         4
 Sticky Flame             Fire/Alch      27%        2d7       26%         4
 Metabolic Englaciation   Hex/Ice        16%        N/A       36%         5
 Silence                  Hex/Air        15%        N/A       43%         5
 Curse of Agony           Necr           13%        N/A       82%         5


Dungeon Overview and Level Annotations

Branches:
Dungeon (12/15)            Temple (1/1) D:7            Lair (4/5) D:9
  Swamp (0/4) Lair:2       Spider (0/4) Lair:2          Orc (0/2) D:9
  Slime: Lair:4-5

Altars:
Ashenzari
Cheibriados
Dithmenos
Elyvilon
Fedhas
Gozag
Hepliaklqana
Kikubaaqudgha
Makhleb
Nemelex Xobeh
Okawaru
Qazlal
Ru
Sif Muna
Trog
Uskayaw
Vehumet
Wu Jian
Xom
Yredelemnul
Zin
The Shining One
Beogh

Shops:
D:4 =(**=[

Annotations:
Lair:2 exclusion: downstairs
Lair:3 exclusion: oklob plant
Lair:4 exclusion: oklob plant, Kirke


Innate Abilities, Weirdness & Mutations

You are a hulking beast.
Your limbs bulge with bestial killing power. (Slay +4)
You cannot wear most types of armour.
You are amphibious.
You can wear up to eight rings at the same time.
Your skin changes colour to match your surroundings (Stealth+).
Your rubbery body absorbs attacks. (AC +1, EV +1)
((You are camouflaged when in or above water. (Stealth+)))
You have tentacles for arms and can constrict up to eight enemies at once.
You are frail. (-10% HP)
You are covered in fur. (AC +1)
Your muscles are strong. (Str +4, Int/Dex -1)
Your spells are harder to cast, but more powerful.


Message History

The hog closely misses you. The dream sheep misses you.
The hog is distracted by your dazzling golden aura.
A dream sheep comes into view.
You feel much better.
The cane toad is no longer distracted by gold.
The dream sheep closely misses you.
The dream sheep is distracted by your dazzling golden aura. x2
The dream sheep is distracted by your dazzling golden aura. x2
The hog is no longer distracted by gold.
The dream sheep is no longer distracted by gold.
You block the cane toad's attack.
The dream sheep is no longer distracted by gold.
You feel much better. The dream sheep completely misses you.
The dream sheep headbutts you. The cane toad barely misses you.
The dream sheep is no longer distracted by gold.
The dream sheep ruffle their wool and motes of dream dust sparkle, to no effect.
You flicker for a moment.
The cane toad misses you. The dream sheep barely misses you.
An oklob plant comes into view.
Found 17 gold pieces.
The oklob plant spits acid at you. The splash of acid hits you!!
* * * LOW HITPOINT WARNING * * *
The acid corrodes you! The cane toad stings you!
* * * LOW HITPOINT WARNING * * *
Marking area around an oklob plant as unsafe for travelling.
Found a notched coral ring and a scroll of fear.
Okay, then.
Okay, then.
Okay, then.
Okay, then.
You feel yourself speed up. The dream sheep closely misses you.
The dream sheep barely misses you.
The dream sheep shake their wool and sparkle.
You feel drowsy...
You fall asleep.
Kirke mumbles some strange words.
Kirke flickers and vanishes for a moment.
The dream sheep headbutts you!
You die...
Your body crumbles into a pile of gold.

P.... .#.P### $...
...#.. ... #####.....
#.. #####...#Y....
##..##.....<....... .
#...#Y...Y.....>.##
...######hhY.@.###....#
........Yh..#.## ###..##
#=...ß.hFY###§####.#...#
#........###§k§§#.....##
##.ß...ß.# #§§@§§.k.#.P#
#........ ##§§§#..#@.##
#....ß....# #.P....#...#
.........?. #.#.....##..
..###.#.#.....#..#.## ..
.# ##..#...........# P.
#.!ß.......## ##


You could see Kirke (invisible), a cane toad (unable to see you), 3 hogs and 5
dream sheep.

Vanquished Creatures
  Snorg (Lair:4)
  Fannar (Lair:1)
  3 hydras
  5 boulder beetles
  5 two-headed ogres
  4 death yaks
  Urug (Lair:1)
  Sonja (Lair:3)
  Nergalle (Lair:1)
  A skyshark (Lair:3)
  Lodul (D:12)
  2 deep elf pyromancers (D:12)
  2 ugly things
  3 cyclopes
  Maurice (D:7)
  4 manticores (D:12)
  An elephant (Lair:2)
  3 black mambas
  Joseph (D:10)
  5 cane toads
  A rime drake (Lair:1)
  2 kobold demonologists
  3 unseen horrors
  8 komodo dragons
  A troll (D:12)
  A polar bear (Lair:2)
  A tyrant leech (Lair:2)
  2 slime creatures
  A jumping spider (Lair:2)
  3 shadows
  Sigmund (D:6)
  48 yaks
  5 wraiths
  3 wyverns
  3 fire bats (Lair:3)
  A redback (Lair:2)
  3 steam dragons
  7 vampire mosquitoes (D:12)
  3 basilisks
  2 swamp worms (Lair:2)
  An acid dragon (D:8)
  14 water moccasins
  2 ice beasts
  5 orc warriors
  4 black bears
  2 laughing skulls
  3 wolves
  11 ogres
  4 centaurs
  4 phantoms
  5 kobold brigands
  15 bullfrogs
  A scorpion (D:7)
  14 killer bees
  A howler monkey (D:9)
  2 bombardier beetles
  3 hounds
  A jelly (D:7)
  A gnoll bouda (D:9)
  8 orc priests
  Ijyb (D:3)
  Terence (D:3)
  3 iguanas
  Natasha (thrice) (D:3)
  5 orc wizards
  13 gnolls
  8 adders
  2 shadow imps (D:5)
  2 white imps
  3 ufetubi
  5 ribbon worms
  2 dart slugs
  50 orcs
  7 endoplasms
  A giant cockroach (D:4)
  4 goblins
  7 hobgoblins
  4 jackals (D:1)
  3 quokkas
  5 ball pythons
  2 bats
  6 frilled lizards
  23 kobolds
  5 rats
  A spectral kobold (D:10)
412 creatures vanquished.

Vanquished Creatures (collateral kills)
  A cane toad (Lair:2)
  A polar bear (Lair:2)
2 creatures vanquished.

Vanquished Creatures (others)
  A wyvern (Lair:2)
  3 orcs (D:9)
4 creatures vanquished.

Grand Total: 418 creatures vanquished

Notes
Turn   | Place    | Note
-------+----------+-------------------------------------------
     0 | D:1      | croobank the Octopode Shapeshifter began the quest for the
                  | Orb.
     0 | D:1      | Reached XP level 1. HP: 13/13 MP: 1/1
    72 | D:1      | Reached XP level 2. HP: 17/18 MP: 2/2
   708 | D:2      | Reached XP level 3. HP: 16/23 MP: 3/3
  1249 | D:2      | Reached XP level 4. HP: 29/29 MP: 4/4
  1569 | D:3      | Reached XP level 5. HP: 16/35 MP: 5/5
  1705 | D:3      | Noticed Ijyb
  1761 | D:3      | Gained mutation: Your body sometimes deteriorates upon
                  | taking damage. [potion of mutation]
  1761 | D:3      | Gained mutation: You are frail. (-10% HP) [potion of
                  | mutation]
  1761 | D:3      | Gained mutation: You are partially covered in iridescent
                  | scales. (AC +2) [potion of mutation]
  1769 | D:3      | Killed Ijyb
  2177 | D:3      | Noticed Natasha
  2184 | D:3      | Killed Natasha
  2239 | D:3      | Noticed Terence
  2251 | D:3      | Killed Terence
  2252 | D:3      | Reached XP level 6. HP: 36/36 MP: 6/6
  2704 | D:3      | Noticed Natasha
  2980 | D:3      | Killed Natasha
  3167 | D:3      | Noticed Natasha
  3177 | D:3      | Killed Natasha
  3322 | D:4      | Found Siniantif's Jewellery Shoppe.
  3337 | D:4      | Found Jiomoant's Antique Weapon Shoppe.
  3339 | D:4      | Found Robiut's General Store.
  3345 | D:4      | Reached XP level 7. HP: 35/41 MP: 5/7
  3347 | D:4      | Found Reonao Uciv's Jewellery Shoppe.
  3353 | D:4      | Bought a scroll of fear for 48 gold pieces
  3353 | D:4      | Bought a scroll of identify for 24 gold pieces
  3353 | D:4      | Bought a potion of curing for 36 gold pieces
  3672 | D:4      | Found Icoebam's Antique Armour Shop.
  3826 | D:4      | Found a bloodstained altar of Trog.
  4034 | D:4      | Found Nopahemiqo's General Store.
  4042 | D:4      | Bought a scroll of identify for 22 gold pieces
  4120 | D:5      | Entered Level 5 of the Dungeon
  4219 | D:5      | Reached skill level 1 in Shields
  4219 | D:5      | Reached skill level 1 in Ice Magic
  4327 | D:5      | Reached skill level 1 in Spellcasting
  4655 | D:5      | Reached XP level 8. HP: 47/48 MP: 10/10
  4763 | D:5      | Reached skill level 2 in Spellcasting
  4763 | D:5      | Reached skill level 5 in Shapeshifting
  5410 | D:5      | Found a shimmering blue altar of Sif Muna.
  5613 | D:5      | Reached skill level 3 in Spellcasting
  6148 | D:6      | Noticed Sigmund
  6157 | D:6      | Killed Sigmund
  6160 | D:6      | Reached XP level 9. HP: 13/52 MP: 3/14
  6624 | D:6      | Reached skill level 4 in Spellcasting
  6641 | D:6      | Reached skill level 5 in Shields
  7027 | D:6      | Reached skill level 5 in Ice Magic
  7751 | D:7      | Learned a level 3 spell: Frozen Ramparts
  7755 | D:7      | Learned a level 3 spell: Ozocubu's Armour
  7773 | D:7      | Noticed Maurice
  7778 | D:7      | Something stole 2 silver javelins
  7780 | D:7      | Something stole a +1 heavy hand axe
  7786 | D:7      | Something stole an amulet of magic regeneration
  7788 | D:7      | Killed Maurice
  7789 | D:7      | Reached skill level 5 in Spellcasting
  7900 | D:7      | You are sucked into a shaft and drop 1 floor!
  8071 | D:8      | Reached XP level 10. HP: 51/57 MP: 17/17
  8258 | D:7      | Found a broken altar of Ashenzari.
  8382 | D:7      | Identified the +6 long sword "Death Rattle" {antimagic,
                  | Dex+5}
  8582 | D:7      | Found a staircase to the Ecumenical Temple.
  8650 | Temple   | Entered the Ecumenical Temple
  8663 | Temple   | Became a worshipper of Gozag Ym Sagoz the Greedy
  9252 | D:8      | Reached skill level 1 in Stealth
  9522 | D:8      | Reached skill level 1 in Hexes
  9522 | D:8      | Reached skill level 1 in Evocations
  9656 | D:8      | Found a glowing golden altar of the Shining One.
 10237 | D:9      | Learned a level 3 spell: Mephitic Cloud
 10484 | D:4      | Bought an amulet of magic regeneration for 330 gold pieces
 10730 | D:9      | Reached skill level 6 in Spellcasting
 10862 | D:9      | Found a roughly hewn altar of Beogh.
 10862 | D:9      | Found a staircase to the Orcish Mines.
 10865 | D:9      | Identified a scroll of acquirement
 10865 | D:9      | Acquired the ring of Wookli {rPois rC+ Int+4}
 11460 | D:9      | Reached skill level 1 in Alchemy
 11933 | D:9      | Reached skill level 5 in Fighting
 12057 | D:9      | Reached skill level 1 in Conjurations
 12057 | D:9      | Reached skill level 1 in Air Magic
 12332 | D:9      | Reached skill level 5 in Dodging
 12332 | D:9      | Reached XP level 11. HP: 62/64 MP: 17/20
 12920 | D:4      | Bought the ring "Foged" {rN+ MP+9 Str+3} for 450 gold
                  | pieces
 13134 | D:9      | Found a staircase to the Lair.
 13189 | D:10     | Entered Level 10 of the Dungeon
 13605 | D:10     | Found a hide-covered altar of Uskayaw.
 13831 | D:10     | Noticed Joseph
 13833 | D:10     | Lost mutation: You are partially covered in iridescent
                  | scales. (AC +2) [potion of mutation]
 13833 | D:10     | Lost mutation: Your body sometimes deteriorates upon taking
                  | damage. [potion of mutation]
 13833 | D:10     | Gained mutation: Your spells are a little harder to cast,
                  | but a little more powerful. [potion of mutation]
 13833 | D:10     | Gained mutation: Your muscles are strong. (Str +4, Int/Dex
                  | -1) [potion of mutation]
 13833 | D:10     | Gained mutation: Your spells are harder to cast, but more
                  | powerful. [potion of mutation]
 13833 | D:10     | Gained mutation: You are covered in fur. (AC +1) [potion of
                  | mutation]
 13961 | D:10     | Killed Joseph
 14031 | D:10     | Found a hazy altar of Hepliaklqana.
 14088 | D:10     | Found a sparkling altar of Nemelex Xobeh.
 14089 | D:10     | Noticed a two-headed ogre
 14284 | D:10     | Killed a two-headed ogre
 14285 | D:10     | Reached skill level 7 in Spellcasting
 14782 | D:10     | Found an ancient bone altar of Kikubaaqudgha.
 15040 | D:11     | Noticed a cyclops
 15052 | D:11     | Noticed a boulder beetle
 15063 | D:11     | Killed a cyclops
 15072 | D:11     | Killed a boulder beetle
 15171 | D:11     | Noticed a boulder beetle
 15187 | D:11     | Killed a boulder beetle
 15481 | D:11     | Noticed a two-headed ogre
 15494 | D:11     | Killed a two-headed ogre
 15495 | D:11     | Reached skill level 5 in Stealth
 15533 | D:11     | Noticed a cyan ugly thing
 15541 | D:11     | Killed a cyan ugly thing
 15802 | D:12     | Reached XP level 12. HP: 71/71 MP: 23/23
 16348 | D:4      | Bought the ring of Ru's Approval {Fly Slay+3 SInv} for 403
                  | gold pieces
 16786 | D:12     | Noticed a two-headed ogre
 16786 | D:12     | Noticed a boulder beetle
 16990 | D:12     | Noticed a two-headed ogre
 16993 | D:12     | Killed a two-headed ogre
 16994 | D:12     | Reached skill level 8 in Spellcasting
 17001 | D:12     | Killed a two-headed ogre
 17006 | D:12     | Noticed a two-headed ogre
 17248 | D:12     | Killed a two-headed ogre
 17366 | D:12     | Noticed a boulder beetle
 17403 | D:12     | Killed a boulder beetle
 17462 | D:12     | Killed a boulder beetle
 17551 | D:12     | Reached skill level 5 in Evocations
 17704 | D:12     | Noticed Lodul
 17713 | D:12     | Killed Lodul
 17740 | D:12     | Reached skill level 5 in Alchemy
 17740 | D:12     | Reached XP level 13. HP: 24/76 MP: 21/25
 18011 | D:12     | Identified the +0 dagger "Virosyit" {freeze, Will+ Dex+4}
 18587 | Lair:1   | Entered Level 1 of the Lair of Beasts
 18587 | Lair:1   | Noticed Urug
 18604 | Lair:1   | Killed Urug
 18605 | Lair:1   | Reached skill level 9 in Spellcasting
 18762 | Lair:1   | Reached skill level 5 in Air Magic
 18783 | Lair:1   | Noticed Nergalle
 18835 | Lair:1   | Killed Nergalle
 18836 | Lair:1   | Reached skill level 5 in Conjurations
 19120 | Lair:1   | Noticed Fannar
 19134 | Lair:1   | Killed Fannar
 19667 | Lair:2   | Found a staircase to the Swamp.
 20212 | Lair:2   | Identified the +0 arbalest of Beogh's Reproof {heavy, Will-
                  | Dex+6}
 20277 | Lair:2   | Found a hole to the Spider Nest.
 21848 | Lair:2   | Reached skill level 1 in Maces & Flails
 22227 | Lair:3   | Reached XP level 14. HP: 83/83 MP: 27/27
 22387 | Lair:3   | Noticed Sonja
 22394 | Lair:3   | Killed Sonja
 22897 | Lair:3   | Reached skill level 5 in Maces & Flails
 23088 | Lair:4   | Noticed Snorg
 23096 | Lair:4   | Killed Snorg
 23324 | Lair:4   | Noticed Kirke
 23342 | Lair:4   | Slain by a dream sheep

Illustrated notes

Levels and vault maps discovered:
D:1:      minmay_arrival_four_circles, layout_rooms
D:2:      layout_basic
D:3:      layout_loops_corners, nrook_loot_triangle, minmay_stone_trees_small,
          uniq_terence, uniq_ijyb, uniq_natasha
D:4:      layout_rooms, mainiacjoe_overflow_chevrons, serial_shops, shop, shop,
          nicolae_shop_gaudy_bauble, nicolae_wooded_promenade
D:5:      kennysheep_six_static_rooms, layout_basic, tgw_sif, st_stairs_14,
          chequers_serial_rivers_room_b, serial_bayou_ford_a,
          kennysheep_generic_room_4
D:6:      layout_layer_cave, uniq_sigmund
D:7:      layout_basic, general_overflow_altar, minmay_temple_entry_statues,
          uniq_maurice
D:8:      layout_gridville, nicolae_tso_swordbearing_angel
D:9:      layout_basic, lair_entry_dummy, david_orc_5, serial_glass,
          glass_columns_b, glass_columns_a, glass_columns_b, glass_columns_c
D:10:     layout_long_grid, lemuel_tele_altar,
          nicolae_hepliaklqana_monster_ancestors, mainiacjoe_overflow_boulevard,
          mainiacjoe_overflow_paths, uniq_joseph
D:11:     layout_cave_pools
D:12:     minmay_polygon_palace, layout_basic, uniq_lodul
Temple:   nicolae_temple_two_arcs
Lair:1:   hellmonk_destroyed_diamonds, layout_chaotic_city, st_stairs_11,
          minivault_19, hibernation_bobbens, uniq_urug, uniq_nergalle,
          uniq_fannar
Lair:2:   layout_small_grid, minmay_swamp_entry_worms,
          spider_nest_entry_funnel_web, nzn_random_ring
Lair:3:   layout_roguey, nicolae_volcano_entry_batcave, serial_bayou_pond_b,
          st_stairs_10, uniq_sonja
Lair:4:   layout_misc_corridors, serial_bayou, serial_bayou_shore_a,
          serial_bayou_lake_a, serial_bayou_pond_a, serial_bayou_pond_d,
          grunt_megastairs_4, uniq_snorg, uniq_kirke

Skill      XL: |  1  2  3  4  5  6  7  8  9 10 11 12 13 14 |
---------------+-------------------------------------------+-----
Fighting       | 2 3 4 5 6 7 |  7.8
Dodging        | 3 4 5 6 7 |  7.6
Unarmed Combat | 4 |  4.8
Shapeshifting  | 4 5 6 7 8 |  8.6
Shields        | 1 4 5 6 7 |  7.0
Ice Magic      | 1 3 5 6 |  6.2
Spellcasting   | 1 3 5 6 7 8 9 |  9.9
Stealth        | 3 5 7 8 |  8.7
Hexes          | 1 |  1.1
Evocations     | 2 3 5 6 |  6.7
Alchemy        | 1 3 5 |  5.0
Conjurations   | 1 3 4 5 |  5.0
Air Magic      | 1 3 4 5 |  5.0
Maces & Flails | 3 7 |  7.5

Action                     |  1- 3 |  4- 6 |  7- 9 | 10-12 | 13-15 || total
---------------------------+-------+-------+-------+-------+-------++-------
  Melee: Unarmed           |    63 |    90 |   101 |       |       ||   254
         Tentacles         |    11 |    21 |    49 |   103 |    69 ||   253
         Constrict         |    19 |    24 |    43 |    35 |    35 ||   156
         Punch             |       |     4 |     1 |       |       ||     5
         Spear             |       |       |   137 |   334 |   230 ||   701
         Dagger            |       |       |       |    57 |       ||    57
  Throw: Throwing net      |       |     3 |       |       |       ||     3
         Dart              |       |     6 |     3 |       |       ||     9
         Javelin           |       |       |    13 |     5 |    10 ||    28
   Cast: Ozocubu's Armour  |       |       |     1 |    27 |    41 ||    69
         Frozen Ramparts   |       |       |     1 |    23 |    45 ||    69
         Mephitic Cloud    |       |       |       |    49 |    26 ||    75
  Evoke: Wand              |       |     2 |     6 |     1 |     7 ||    16
    Use: Potion            |       |     6 |     2 |     2 |     4 ||    14
         Scroll            |       |     6 |     9 |     6 |     8 ||    29
   Stab: Sleeping          |     3 |     5 |     6 |     7 |     6 ||    27
         Held in net/web   |       |     2 |       |       |       ||     2
         Distracted        |       |       |       |     3 |       ||     3
         Confused          |       |       |       |    14 |    11 ||    25
 Armour: Skin              |    30 |    41 |   143 |   150 |   108 ||   472
  Dodge: Dodged            |    30 |    27 |    96 |   150 |   113 ||   416
  Block: Buckler           |     3 |     8 |    46 |    77 |    64 ||   198

Table legend: (Time is in decaauts)
 A = Elapsed time spent in this place.
 B = Non-inter-level travel time spent in this place.
 C = Inter-level travel time spent in this place.
 D = Time resting spent in this place.
 E = Time spent auto-exploring this place.
 F = Levels seen in this place.
 G = Mean time per level.
                   A        B        C        D        E       F      G
               +--------+--------+--------+--------+--------+-----+--------+
         Total |  23511 |  21666 |   1845 |   6382 |  10918 |  17 | 1383.0 |
       Dungeon |  18695 |  17008 |   1687 |   5585 |   8363 |  12 | 1557.9 |
        Temple |     22 |     14 |      8 |      0 |      0 |   1 |   22.0 |
          Lair |   4793 |   4644 |    149 |    797 |   2555 |   4 | 1198.2 |
               +--------+--------+--------+--------+--------+-----+--------+

Top non-repeatable levels by time:
     D:9: 3252 daAuts
  Lair:2: 2368 daAuts
     D:3: 2138 daAuts
    D:12: 2110 daAuts
     D:6: 1939 daAuts
     D:5: 1889 daAuts
    D:10: 1475 daAuts
     D:8: 1321 daAuts
     D:7: 1257 daAuts
  Lair:3: 1248 daAuts
    D:11: 1111 daAuts
  Lair:1: 1060 daAuts
     D:4: 852 daAuts
     D:2: 752 daAuts
     D:1: 595 daAuts
